 Dungeon Crawl Stone Soup version 0.27-a0-1177-g245c70e1c0 (webtiles) character file.

Game seed: 8610336959686739720

317 Glokmah the Stinger (level 6, -9/39 HPs)
             Began as a Demonspawn Venom Mage on May 16, 2021.
             Was a Believer of Ru.
             Mangled by Duvessa
             ... wielding a +0 rapier
              (16 damage)
             ... on level 4 of the Dungeon.
             The game lasted 00:16:01 (5403 turns).

Glokmah the Stinger (Demonspawn Venom Mage)         Turns: 5403, Time: 00:16:01

Health: -9/39      AC:  6    Str: 10    XL:     6   Next: 20%
Magic:  7/10       EV: 12    Int: 17    God:    Ru [**....]
Gold:   176        SH:  0    Dex: 13    Spells: 3/11 levels left

rFire    + . .     SeeInvis .   a - +4 dagger (speed)
rCold    + . .     Faith    .   (no shield)
rNeg     . . .     Spirit   .   s - +2 robe {rC+ rF+}
rPois    .         Reflect  .   (no helmet)
rElec    .         Harm     .   (no cloak)
rCorr    .         Rampage  .   o - +0 pair of gloves
Will     +....                  d - +0 pair of boots
Stlth    ++........             (no amulet)
HPRegen  0.13/turn              w - ring of wizardry
MPRegen  0.12/turn              c - ring of willpower

@: very slightly contaminated, invisible
A: hooves 1, frail 1, powered by death 1, demonic magic 3
a: Renounce Religion


You were on level 4 of the Dungeon.
You worshipped Ru.
Ru was pleased with you.
You visited 1 branch of the dungeon, and saw 4 of its levels.

You collected 176 gold pieces.

Inventory:

Hand Weapons
 a - a +4 dagger of speed (weapon)
Missiles
 f - 94 stones
 n - 18 poisoned darts
Armour
 b - a +4 ring mail
 d - a +0 pair of boots (worn)
 o - a +0 pair of gloves (worn)
 s - a +2 robe of resistance (worn)
Jewellery
 c - a ring of willpower (right hand)
 k - a ring of poison resistance
 q - a ring of magical power
 w - a ring of wizardry (left hand)
Wands
 e - a wand of paralysis (9)
 g - a wand of flame (23)
Scrolls
 l - a scroll of magic mapping
Potions
 h - a potion of cancellation {unknown}
 i - a potion of magic {unknown}
 m - 2 potions of flight
 t - 2 potions of brilliance


   Skills:
 + Level 2.1 Fighting
 * Level 0.7 Short Blades
 - Level 0.7 Armour
 - Level 1.7 Dodging
 - Level 1.7 Stealth
 + Level 3.0 Spellcasting
 - Level 2.0 Transmutations
 + Level 0.3 Fire Magic
 + Level 1.8 Air Magic
 * Level 4.7 Poison Magic


You had 3 spell levels left.
You knew the following spells:

 Your Spells              Type           Power      Damage    Failure   Level
a - Sting                 Tmut/Pois      52%        1d5       1%          1
b - Poisonous Vapours     Pois/Air       26%        N/A       2%          2
c - Ignite Poison         Fire/Tmut/Pois 10%        N/A       9%          3
d - Blink                 Tloc           N/A        N/A       11%         2

Your spell library contained the following spells:

 Spells                   Type           Power      Damage    Failure   Level
 Magic Dart               Conj           8%         1d3       7%          1
 Mephitic Cloud           Conj/Pois/Air  9%         N/A       9%          3
 Call Imp                 Summ           2%         N/A       11%         2
 Slow                     Hex            2%         N/A       11%         2
 Conjure Flame            Conj/Fire      3%         6-21      19%         3
 Olgreb's Toxic Radiance  Pois           18%        N/A       11%         4


Dungeon Overview and Level Annotations

Branches:
Dungeon (4/15)
 Temple: D:4-7

Altars:
Elyvilon
Ru

Shops:
D:4 [(

Portals:
Abyss: D:4

Annotations:
D:3 2 transporters, feta's ghost, amateur HOFi
D:4 2 transporters, Duvessa; grizmgrazm2's ghost, amateur DsIE


Innate Abilities, Weirdness & Mutations

You have large cloven feet.
You are frail. (-10% HP)
You regenerate a little health from kills.
Spells you cast and wands you use may paralyse nearby enemies.


Message History

Okay, then.
Duvessa rages.
Casting: Sting (safe; 1% risk of failure)
Confirm with . or Enter, or press ? or * to list all spells.
Aiming: Sting (safe; 1% risk of failure)
Press: ? - help, Shift-Dir - straight line, f/p - Duvessa
Aim: Duvessa, wielding a +0 rapier and wearing a +1 leather armour of poison resistance (berserk, 75% to hit)
You miscast Sting.
You are very lightly contaminated with residual magic.
Nothing appears to happen.
Casting: Sting (safe; 1% risk of failure)
Confirm with . or Enter, or press ? or * to list all spells.
Aiming: Sting (safe; 1% risk of failure)
Press: ? - help, Shift-Dir - straight line, f/p - Duvessa
Aim: Duvessa, wielding a +0 rapier and wearing a +1 leather armour of poison resistance (berserk, 75% to hit)
The sting hits Duvessa but does no damage.
Duvessa is poisoned.
Malevolent energies surge around you. Duvessa hits you with a +0 rapier!
You focus your inner power and blind Duvessa in retribution!
Casting: Sting (safe; 1% risk of failure)
Confirm with . or Enter, or press ? or * to list all spells.
Aiming: Sting (safe; 1% risk of failure)
Press: ? - help, Shift-Dir - straight line, f/p - Duvessa
Aim: Duvessa, wielding a +0 rapier and wearing a +1 leather armour of poison resistance (lightly wounded, berserk, blind, poisoned, 75% to hit)
The sting misses Duvessa.
Malevolent energies surge around you.
The goblin suddenly stops moving!
Duvessa hits you but does no damage. Duvessa hits you with a +0 rapier!
The goblin is no longer paralysed.
Duvessa rages.
Duvessa hits you with a +0 rapier.
Your magical contamination has completely faded away.
Okay, then.
Duvessa closely misses you.
It was a potion of invisibility.
You fade into invisibility!
Duvessa hits you with a +0 rapier!
* * * LOW HITPOINT WARNING * * *
You are very lightly contaminated with residual magic.
Duvessa hits you with a +0 rapier!
You die...

###** #...#,,**,, #$.,*
#...#,,**,* #.gK*##...#,,,,,*
*,Yl##....#..,***
***###...##..**,, ###....#*#.*,,,
####.....####.##,# ###...g...##
#...### ## #.'@e.[..## **#....
.#############.#....### ###.##[
...............###### ####......
..##########.####.######.####.###
.## #.# #.............# .# #.#
#######⌠.⌠##### ## #.# #.∩..# #
#.# #⌠.⌠.# # ###.##### #..).# ##


You could see Duvessa (berserk, blind, poisoned) and a goblin.

Vanquished Creatures
  An ogre (D:4)
  Dowan (D:4)
  A hound (D:4)
  An orc wizard (D:4)
  2 adders
  2 worms (D:2)
  10 orcs
  8 bats
  5 endoplasms
  A giant cockroach (D:3)
  8 goblins
  9 hobgoblins
  12 jackals
  2 quokkas (D:1)
  6 ball pythons
  4 frilled lizards
  8 kobolds
  2 rats
83 creatures vanquished.

Notes
Turn   | Place    | Note
-------+----------+-------------------------------------------
     0 | D:1      | Glokmah the Demonspawn Venom Mage began the quest for the
                  | Orb.
     0 | D:1      | Reached XP level 1. HP: 13/13 MP: 3/3
   457 | D:1      | Reached skill level 1 in Transmutations
   517 | D:1      | Gained mutation: Spells you cast may paralyse adjacent
                  | enemies. [demonic ancestry]
   517 | D:1      | Reached XP level 2. HP: 19/19 MP: 3/5
   569 | D:1      | Learned a level 2 spell: Poisonous Vapours
  1571 | D:2      | Gained mutation: Spells you cast may paralyse nearby
                  | enemies. [demonic ancestry]
  1571 | D:2      | Reached XP level 3. HP: 25/25 MP: 2/6
  1922 | D:2      | Reached skill level 1 in Fighting
  2114 | D:2      | Found a faded altar of an unknown god.
  2127 | D:2      | Became a worshipper of Ru the Awakened
  2129 | D:2      | Gained mutation: You are frail. (-10% HP) [Ru sacrifice]
  2129 | D:2      | Reached * piety under Ru
  2129 | D:2      | Reached ** piety under Ru
  2785 | D:3      | Gained mutation: Spells you cast and wands you use may
                  | paralyse nearby enemies. [demonic ancestry]
  2785 | D:3      | Reached XP level 4. HP: 18/28 MP: 1/7
  3551 | D:3      | Found a transporter.
  3556 | D:3      | Noticed feta's ghost (amateur HOFi)
  3575 | D:3      | Found a transporter.
  4216 | D:3      | Reached skill level 1 in Air Magic
  4725 | D:4      | Noticed an ogre
  4738 | D:4      | Killed an ogre
  4739 | D:4      | Reached skill level 4 in Poison Magic
  4739 | D:4      | Gained mutation: You have large cloven feet. [demonic
                  | ancestry]
  4739 | D:4      | Reached XP level 5. HP: 34/34 MP: 6/9
  4825 | D:4      | Learned a level 3 spell: Ignite Poison
  4855 | D:4      | Noticed a small abomination
  4855 | D:4      | Noticed a small abomination
  4866 | D:4      | Found a one-way gate to the infinite horrors of the Abyss.
  4866 | D:4      | Noticed grizmgrazm2's ghost (amateur DsIE)
  4879 | D:4      | Found a transporter.
  4883 | D:4      | Found a transporter.
  4934 | D:4      | Found Fuczeff's Weapon Shoppe.
  5003 | D:4      | Noticed Duvessa
  5119 | D:4      | Found Ubagaum's Armour Shoppe.
  5136 | D:4      | Noticed Dowan
  5141 | D:4      | Killed Dowan
  5142 | D:4      | Gained mutation: You regenerate a little health from kills.
                  | [demonic ancestry]
  5142 | D:4      | Reached XP level 6. HP: 39/39 MP: 0/10
  5255 | D:4      | Learned a level 2 spell: Blink
  5370 | D:4      | Noticed a yak
  5371 | D:4      | Noticed a wyvern
  5403 | D:4      | Mangled by Duvessa

Illustrated notes

Levels and vault maps discovered:
D:1:      zelgadis_glass_arrival_large, layout_basic, minmay_tetromino_o2
D:2:      mumra_celtic_spiral_tile, layout_loops_ring,
          ebering_ecumenical_altar_rust, kennysheep_generic_room_9
D:3:      layout_loops_corners, elyvilon_altar_5, gammafunk_ghost_stat_death
D:4:      layout_loops_cross, nemelex_dance_club_becter, serial_shops, shop,
          shop_fountains, gammafunk_ghost_abyssal_escape, hex_tiny,
          lightli_corner_chamber, uniq_duvessa

Skill      XL: |  1  2  3  4  5 |
---------------+----------------+-----
Transmutations | 1 2 |  2.0
Fighting       | 1 2 |  2.1
Air Magic      | 1 |  1.8
Poison Magic   | 4 |  4.7
Spellcasting   | 3 |  3.0
Short Blades   | |  0.7
Armour         | |  0.7
Dodging        | |  1.7
Stealth        | |  1.7
Fire Magic     | |  0.3

Action                   |  1- 3 |  4- 6 || total
-------------------------+-------+-------++-------
Melee: Unarmed           |    10 |       ||    10
       Dagger            |     6 |    53 ||    59
       Short sword       |    61 |    11 ||    72
 Cast: Sting             |    41 |    32 ||    73
       Poisonous Vapours |    13 |    22 ||    35
       Ignite Poison     |       |     1 ||     1
Invok: Sacrifice Health  |     1 |       ||     1
  Use: Scroll            |       |     7 ||     7
       Potion            |       |     1 ||     1
 Stab: Paralysed         |    12 |    19 ||    31
       Sleeping          |     2 |     1 ||     3
       Invisible         |       |     2 ||     2
Armor: Robe              |    17 |    16 ||    33
Dodge: Dodged            |    58 |    30 ||    88

Table legend: (Time is in decaauts)
 A = Elapsed time spent in this place.
 B = Non-inter-level travel time spent in this place.
 C = Inter-level travel time spent in this place.
 D = Time resting spent in this place.
 E = Time spent auto-exploring this place.
 F = Levels seen in this place.
 G = Mean time per level.
                   A        B        C        D        E       F      G
               +--------+--------+--------+--------+--------+-----+--------+
         Total |   5409 |   4950 |    459 |    608 |   3426 |   4 | 1352.2 |
       Dungeon |   5409 |   4950 |    459 |    608 |   3426 |   4 | 1352.2 |
               +--------+--------+--------+--------+--------+-----+--------+

Top non-repeatable levels by time:
     D:2: 1866 daAuts
     D:1: 1464 daAuts
     D:3: 1456 daAuts
     D:4: 621 daAuts
